 Dungeon Crawl Stone Soup version 0.21.1-1-g345015fe64 (webtiles) character file.

25 Ivernyr the Charmwright (level 2, -3/23 HPs)
             Began as a Demonspawn Skald on Apr 25, 2018.
             Slain by a gnoll
             ... wielding a cursed -1 halberd
              (7 damage)
             ... on level 2 of the Dungeon.
             The game lasted 00:03:36 (1392 turns).

Ivernyr the Charmwright (Demonspawn Skald)          Turns: 1392, Time: 00:03:36

Health: -3/23      AC:  5    Str: 11    XL:     2   Next: 86%
Magic:  4/5        EV: 10    Int: 14    God:
Gold:   44         SH:  0    Dex: 12    Spells: 4/5 levels left

rFire    . . .     SeeInvis .   (no weapon)
rCold    . . .     Gourm    .   (no shield)
rNeg     . . .     Faith    .   a - +0 ring mail (curse)
rPois    .         Spirit   .   (no helmet)
rElec    .         Reflect  .   (no cloak)
rCorr    .         Harm     .   (no gloves)
MR       .....                  (no boots)
Stlth    +.........             (no amulet)
HPRegen  0.07/turn              (no ring)
MPRegen  0.09/turn              (no ring)

@: no status effects
A: talons 1
a: no special abilities


You were on level 2 of the Dungeon.
You were hungry.

You visited 1 branch of the dungeon, and saw 2 of its levels.

You collected 44 gold pieces.

Inventory:

Armour
 a - a cursed +0 ring mail (worn)
Scrolls
 f - a scroll of identify {unknown}
 g - a scroll of fear {unknown}
 h - a scroll of remove curse {unknown}
Potions
 b - a potion of heal wounds {unknown}
 e - a potion of curing {unknown}
Books
 c - a book of Battle

   Spells                             Type                      Level
   a - Infusion                       Charms                       1
   b - Shroud of Golubria             Charms/Translocation         2
   c - Song of Slaying                Charms                       2
   d - Spectral Weapon                Hexes/Charms                 3
   e - Regeneration                   Charms/Necromancy            3
Comestibles
 d - 5 rations


   Skills:
 + Level 2.3 Fighting
   Level 1.7 Long Blades
 * Level 2.0 Armour
 - Level 1.7 Dodging
 - Level 2.0 Spellcasting
 + Level 3.0 Charms


You had 4 spell levels left.
You knew the following spells:

 Your Spells              Type           Power        Failure   Level  Hunger
a - Infusion              Chrm           #...         16%         1    ##.....


Dungeon Overview and Level Annotations

Branches:
Dungeon (2/15)

Altars:
Okawaru

Annotations:
D:2 2 transporters


Innate Abilities, Weirdness & Mutations

You have sharp toenails.


Message History

The gnoll barely misses you. The gnoll hits you with a spear.
The gnoll hits you with a whip. The gnoll closely misses you.
You hit the gnoll. You claw the gnoll.
The gnoll is heavily wounded.
The gnoll hits you with a spear. The gnoll hits you but does no damage.
You hit the gnoll.
The gnoll is severely wounded.
The gnoll closely misses you. The gnoll hits you with a spear!
The gnoll hits you but does no damage. The gnoll closely misses you.
Your magical infusion is running out.
You are no longer magically infusing your attacks.
The gnoll hits you with a spear. The gnoll hits you but does no damage.
You hit the gnoll but do no damage. You claw the gnoll.
The gnoll is almost dead.
The gnoll hits you with a spear.
* * * LOW HITPOINT WARNING * * *
The gnoll hits you from afar with a halberd!
You die...

######## # #......#
#.###########......########## ..
##............................
#.#..>..............g.g.#######.#
....#.####.#####gg.g....##....#.#
#...#......#<# #g####.#..#.##....
#...#.###..#.# #@#....##.†......#
#...#......#.# #.#.##.##.[#.#.#.#
.....†....(#.###...##.##.........
...#(.#..........####.........#.#
...#..###.##.###.# #.####.......
...#....#.##.###.# #.# ##.###...
......###.#......####.# #........
##.#.)# #............####..###...
##.#..# #..#########.......# #.$.


You could see 3 gnolls.

Vanquished Creatures
  An adder skeleton (D:2)
  4 bats
  2 giant cockroaches (D:1)
  2 goblins
  4 hobgoblins
  3 frilled lizards
  2 kobolds (D:1)
  3 rats
21 creatures vanquished.

Notes
Turn   | Place    | Note
-------+----------+-------------------------------------------
     0 | D:1      | Ivernyr the Demonspawn Skald began the quest for the Orb.
     0 | D:1      | Reached XP level 1. HP: 16/16 MP: 3/3
    71 | D:1      | Reached skill level 1 in Armour
   432 | D:1      | Gained mutation: You have sharp toenails. [demonic ancestry]
   432 | D:1      | Reached XP level 2. HP: 22/22 MP: 5/5
  1184 | D:2      | Found a transporter.
  1185 | D:2      | Noticed a hungry ghost
  1187 | D:2      | Noticed a howler monkey
  1188 | D:2      | Found an iron altar of Okawaru.
  1188 | D:2      | Found a transporter.
  1293 | D:2      | Reached skill level 3 in Charms
  1392 | D:2      | Slain by a gnoll

Skill      XL: |  1  2 |
---------------+-------+-----
Armour         | 1 2 |  2.0
Charms         | 3 |  3.0
Fighting       | |  2.3
Long Blades    | |  1.7
Dodging        | |  1.7
Spellcasting   | |  2.0

Action                   || total
-------------------------++-------
Melee: Falchion          ||    21
       Unarmed           ||    79
       Kick              ||    23
 Cast: Infusion          ||     1
  Eat: Chunk             ||     1
Armor: Leather armour    ||    25
       Ring mail         ||     5
Dodge: Dodged            ||    64
       Rpst.: Falchion   ||     2
